[ PARTIDA AOE2 · #505284422 ]
UnrankedGodos vs Goths
Equipo del jugador · DERR
Equipo rival · VICT
[ ANÁLISIS DE REPETICIÓN · EXTRAÍDO DE LA PARTIDA GRABADA ]
Feudal
9:30
Castillos
21:33
Imperial
—
| APM promedio | 43.7 |
| APM pico | 96 |
| eAPM promedio | 21.9 |
| Aldeanos / militares | 57 / 30 |
Foco
⚔️ 23.8% · 🌾 76.2%
Huskarl ×22 · Fishing Ship ×9 · Archer ×6 · Militia ×1 · Demolition Raft ×1
Feudal
15:14
Castillos
19:17
Imperial
—
| APM promedio | 42.9 |
| APM pico | 184 |
| eAPM promedio | 14.9 |
| Aldeanos / militares | 38 / 41 |
Foco
⚔️ 34.1% · 🌾 65.9%
Huskarl ×22 · Militia ×15 · Battering Ram ×4
Mapa de la partida
Recursos iniciales + cada clic de construcción. Líneas = muros · curvas = relieve. ◆ oro · ⬟ piedra · ● bayas · ✦ reliquia · ◌ hueco del cierre
Tu base· ✓ Cerrada en 21:33 · 53t muro · sin puerta
Base de kim.henrik.himanen123· Abierta — el rival se encerró
Terreno inicial suavizado · ◌ = hueco del cierre detectado · pasá el cursor para detalles
Inputs por minuto
— SHIOZEN - - kim.henrik.himanen123
Build order — SHIOZEN
Primeras 150 de 165 acciones detectadas
| 0:02 | Construir | House |
| 0:02 | Encolar | Villager (Male) |
| 0:03 | Encolar | Villager (Male) |
| 0:03 | Encolar | Villager (Male) |
| 0:05 | Construir | House |
| 0:06 | Encolar | Villager (Male) |
| 1:28 | Encolar | Villager (Male) |
| 2:07 | Encolar | Villager (Male) |
| 2:07 | Encolar | Villager (Male) |
| 2:31 | Encolar | Villager (Male) |
| 2:57 | Encolar | Villager (Male) |
| 2:59 | Encolar | Villager (Male) |
| 2:59 | Encolar | Villager (Male) |
| 3:06 | Construir | Lumber Camp |
| 3:19 | Encolar | Villager (Male) |
| 3:29 | Construir | House |
| 3:31 | Construir | House |
| 3:40 | Encolar | Villager (Male) |
| 3:58 | Encolar | Villager (Male) |
| 4:36 | Encolar | Villager (Male) |
| 4:38 | Encolar | Villager (Male) |
| 5:23 | Encolar | Villager (Male) |
| 5:28 | Encolar | Villager (Male) |
| 6:06 | Encolar | Villager (Male) |
| 6:08 | Encolar | Villager (Male) |
| 6:10 | Encolar | Villager (Male) |
| 6:27 | Construir | Dock |
| 7:03 | Investigar | Loom |
| 7:08 | Encolar | Fishing Ship |
| 7:20 | Investigar | Feudal Age |
| 7:36 | Construir | House |
| 7:38 | Construir | House |
| 7:42 | Construir | Palisade Wall |
| 8:22 | Encolar | Villager (Male) |
| 8:38 | Encolar | Villager (Male) |
| 9:06 | Construir | House |
| 9:10 | Construir | House |
| 9:13 | Construir | Palisade Wall |
| 9:28 | Construir | Barracks |
| 9:30 | Edad | Edad Feudal |
| 9:32 | Encolar | Villager (Male) |
| 9:45 | Construir | Palisade Wall |
| 9:47 | Encolar | Villager (Male) |
| 9:49 | Investigar | Double-Bit Axe |
| 10:02 | Construir | House |
| 10:03 | Construir | House |
| 10:10 | Construir | Archery Range |
| 10:19 | Encolar | Demolition Raft |
| 10:53 | Construir | Mill |
| 10:55 | Encolar | Archer |
| 11:02 | Encolar | Villager (Male) |
| 11:14 | Encolar | Villager (Male) |
| 11:40 | Construir | Mining Camp |
| 12:01 | Encolar | Villager (Male) |
| 12:33 | Encolar | Villager (Male) |
| 12:33 | Encolar | Villager (Male) |
| 12:34 | Encolar | Villager (Male) |
| 12:42 | Encolar | Archer |
| 12:46 | Encolar | Villager (Male) |
| 12:46 | Encolar | Villager (Male) |
| 13:03 | Construir | Fish Trap |
| 13:05 | Encolar | Fishing Ship |
| 13:06 | Encolar | Fishing Ship |
| 13:16 | Construir | Farm |
| 13:16 | Construir | Farm |
| 13:16 | Construir | Farm |
| 13:26 | Construir | Farm |
| 13:30 | Construir | Farm |
| 13:36 | Encolar | Villager (Male) |
| 13:38 | Encolar | Archer |
| 13:42 | Construir | Farm |
| 13:52 | Construir | Fish Trap |
| 14:09 | Construir | Palisade Wall |
| 14:15 | Encolar | Archer |
| 14:27 | Construir | Palisade Wall |
| 14:37 | Construir | Fish Trap |
| 14:38 | Encolar | Villager (Male) |
| 14:42 | Encolar | Militia |
| 14:47 | Encolar | Archer |
| 14:50 | Encolar | Villager (Male) |
| 15:13 | Construir | Blacksmith |
| 15:26 | Construir | Palisade Wall |
| 15:37 | Construir | Palisade Wall |
| 15:42 | Encolar | Archer |
| 15:44 | Encolar | Villager (Male) |
| 15:49 | Construir | Farm |
| 16:16 | Encolar | Villager (Male) |
| 16:54 | Encolar | Villager (Male) |
| 17:30 | Construir | House |
| 17:31 | Construir | House |
| 17:32 | Encolar | Villager (Male) |
| 17:38 | Encolar | Villager (Male) |
| 17:43 | Encolar | Fishing Ship |
| 17:43 | Encolar | Fishing Ship |
| 17:50 | Construir | Mining Camp |
| 18:27 | Construir | Palisade Wall |
| 18:28 | Encolar | Villager (Male) |
| 18:31 | Construir | Fish Trap |
| 18:37 | Construir | Dock |
| 18:48 | Investigar | Castle Age |
| 19:12 | Construir | Fish Trap |
| 19:21 | Encolar | Fishing Ship |
| 19:21 | Encolar | Fishing Ship |
| 19:22 | Encolar | Villager (Male) |
| 19:48 | Construir | House |
| 19:49 | Construir | House |
| 19:50 | Construir | House |
| 19:50 | Construir | House |
| 19:50 | Construir | House |
| 20:06 | Construir | House |
| 20:07 | Construir | House |
| 20:22 | Construir | Fish Trap |
| 20:30 | Construir | House |
| 20:32 | Construir | House |
| 20:35 | Investigar | Forging |
| 20:36 | Investigar | Scale Mail Armor |
| 20:41 | Construir | Fish Trap |
| 20:44 | Encolar | Fishing Ship |
| 20:44 | Encolar | Fishing Ship |
| 21:16 | Encolar | Villager (Male) |
| 21:23 | Investigar | Stone Mining |
| 21:33 | Edad | Edad de los Castillos |
| 21:40 | Construir | Fish Trap |
| 21:47 | Construir | Fish Trap |
| 21:59 | Investigar | Tech 906 |
| 22:45 | Construir | Market |
| 22:50 | Construir | Farm |
| 23:11 | Encolar | Villager (Male) |
| 23:43 | Construir | Castle |
| 23:48 | Encolar | Villager (Male) |
| 23:48 | Encolar | Villager (Male) |
| 23:49 | Encolar | Villager (Male) |
| 24:15 | Encolar | Villager (Male) |
| 25:10 | Encolar | Huskarl |
| 25:10 | Encolar | Huskarl |
| 25:10 | Encolar | Huskarl |
| 25:10 | Encolar | Huskarl |
| 25:11 | Encolar | Huskarl |
| 25:11 | Encolar | Villager (Male) |
| 25:13 | Encolar | Villager (Male) |
| 25:24 | Encolar | Villager (Male) |
| 25:24 | Encolar | Villager (Male) |
| 25:29 | Encolar | Villager (Male) |
| 25:38 | Encolar | Huskarl |
| 25:38 | Encolar | Huskarl |
| 25:38 | Encolar | Huskarl |
| 25:38 | Encolar | Huskarl |
| 25:56 | Encolar | Huskarl |
| 26:24 | Encolar | Huskarl |
| 26:52 | Construir | Farm |
Build order — kim.henrik.himanen123
93 acciones detectadas en el replay
| 0:00 | Encolar | Villager (Male) ×4 |
| 0:00 | Encolar | Villager (Male) ×4 |
| 0:02 | Construir | House |
| 0:03 | Construir | House |
| 0:39 | Investigar | Loom |
| 0:40 | Encolar | Villager (Male) ×2 |
| 1:23 | Encolar | Villager (Male) |
| 1:23 | Encolar | Villager (Male) |
| 1:59 | Encolar | Villager (Male) |
| 2:02 | Construir | Lumber Camp |
| 2:15 | Encolar | Villager (Male) |
| 2:57 | Encolar | Villager (Male) |
| 3:15 | Encolar | Villager (Male) |
| 3:42 | Encolar | Villager (Male) |
| 3:53 | Encolar | Villager (Male) |
| 4:22 | Construir | Barracks |
| 4:34 | Encolar | Villager (Male) |
| 4:39 | Construir | House |
| 5:13 | Encolar | Villager (Male) ×3 |
| 5:23 | Encolar | Militia |
| 5:46 | Encolar | Militia |
| 5:52 | Construir | Mining Camp |
| 6:19 | Encolar | Militia |
| 6:21 | Encolar | Villager (Male) ×2 |
| 6:23 | Construir | House |
| 6:58 | Encolar | Militia |
| 6:58 | Encolar | Militia |
| 7:12 | Encolar | Villager (Male) ×3 |
| 7:29 | Encolar | Militia |
| 7:45 | Construir | House |
| 8:14 | Encolar | Militia |
| 8:26 | Encolar | Militia |
| 8:26 | Encolar | Militia |
| 8:52 | Encolar | Militia |
| 8:52 | Encolar | Militia |
| 9:11 | Construir | House |
| 9:34 | Encolar | Militia |
| 9:34 | Encolar | Militia |
| 9:39 | Construir | Palisade Wall |
| 9:46 | Construir | Palisade Wall |
| 9:50 | Construir | Mill |
| 9:59 | Encolar | Villager (Male) |
| 10:01 | Encolar | Militia |
| 10:02 | Encolar | Militia |
| 10:24 | Construir | House |
| 10:37 | Construir | House |
| 11:02 | Encolar | Villager (Male) ×2 |
| 11:10 | Construir | Palisade Wall |
| 12:50 | Construir | Mill |
| 13:04 | Investigar | Feudal Age |
| 13:05 | Investigar | Feudal Age |
| 15:14 | Edad | Edad Feudal |
| 15:17 | Construir | Market |
| 15:20 | Construir | Blacksmith |
| 15:26 | Encolar | Villager (Male) |
| 15:26 | Encolar | Villager (Male) |
| 16:12 | Construir | Mining Camp |
| 16:37 | Investigar | Castle Age |
| 17:46 | Investigar | Scale Mail Armor |
| 18:27 | Construir | Farm |
| 18:35 | Construir | Farm |
| 18:41 | Encolar | Villager (Male) |
| 19:01 | Investigar | Man-at-Arms (upgrade) |
| 19:17 | Edad | Edad de los Castillos |
| 19:26 | Investigar | Chain Mail Armor |
| 20:00 | Encolar | Villager (Male) |
| 20:35 | Construir | Castle |
| 20:46 | Encolar | Villager (Male) |
| 20:46 | Encolar | Villager (Male) |
| 20:55 | Investigar | Gold Mining |
| 21:28 | Construir | Mining Camp |
| 21:36 | Encolar | Huskarl |
| 21:47 | Encolar | Huskarl |
| 22:49 | Encolar | Huskarl ×2 |
| 23:11 | Encolar | Huskarl |
| 23:23 | Encolar | Huskarl ×3 |
| 23:27 | Encolar | Villager (Male) ×2 |
| 23:48 | Construir | House |
| 23:50 | Construir | House |
| 24:04 | Encolar | Huskarl ×2 |
| 24:44 | Encolar | Huskarl ×4 |
| 25:12 | Construir | Siege Workshop |
| 25:47 | Construir | House |
| 25:51 | Construir | House |
| 26:03 | Encolar | Battering Ram |
| 26:27 | Encolar | Huskarl |
| 26:45 | Encolar | Battering Ram |
| 26:45 | Encolar | Battering Ram |
| 26:54 | Encolar | Huskarl ×3 |
| 27:26 | Encolar | Battering Ram |
| 27:37 | Encolar | Huskarl ×2 |
| 28:25 | Encolar | Huskarl |
| 28:25 | Encolar | Huskarl |
Cronología de la partida
| 4:22 | kim.henrik.himanen123 · first_building Barracks |
| 6:27 | SHIOZEN · first_building Dock |
| 7:42 | SHIOZEN · wall_segment Palisade Wall x16 |
| 9:13 | SHIOZEN · wall_segment Palisade Wall x1 |
| 9:28 | SHIOZEN · first_building Barracks |
| 9:30 | SHIOZEN · age_up feudal |
| 9:39 | kim.henrik.himanen123 · wall_segment Palisade Wall x3 |
| 9:45 | SHIOZEN · wall_segment Palisade Wall x1 |
| 9:46 | kim.henrik.himanen123 · wall_segment Palisade Wall x10 |
| 10:10 | SHIOZEN · first_building Archery Range |
| 11:10 | kim.henrik.himanen123 · wall_segment Palisade Wall x3 |
| 14:09 | SHIOZEN · wall_segment Palisade Wall x15 |
| 14:27 | SHIOZEN · wall_segment Palisade Wall x18 |
| 15:14 | kim.henrik.himanen123 · age_up feudal |
| 15:26 | SHIOZEN · wall_segment Palisade Wall x6 |
| 15:37 | SHIOZEN · wall_segment Palisade Wall x10 |
| 16:36 | kim.henrik.himanen123 · first_market_buy 100 food |
| 18:27 | SHIOZEN · wall_segment Palisade Wall x1 |
| 19:08 | kim.henrik.himanen123 · first_market_sell 100 stone |
| 19:17 | kim.henrik.himanen123 · age_up castle |
| 20:35 | kim.henrik.himanen123 · first_building Castle |
| 21:33 | SHIOZEN · age_up castle |
| 23:19 | SHIOZEN · first_market_buy 100 stone |
| 23:43 | SHIOZEN · first_building Castle |
| 25:12 | kim.henrik.himanen123 · first_building Siege Workshop |
| 29:27 | SHIOZEN · resign |
[ ANÁLISIS IA · 1 CRÉDITO ]
¿Qué pasó realmente en esta partida?
Wolo.gg analiza cada decisión: build order, eco, micro, errores típicos por bracket. Análisis personalizado por WhatsApp o Discord en 30 segundos.
Guía civ
Godos
Perfil
Jugador #14864420